 Dungeon Crawl Stone Soup version 0.27-a0-65-gfb268537a3 (webtiles) character file.

Game seed: 18085611069895705997

286 Pooter the Gusty (level 6, -5/45 HPs)
             Began as a Draconian Air Elementalist on Jan 9, 2021.
             Slain by Duvessa
             ... wielding a +2 rapier of distortion
              (15 damage)
             ... on level 4 of the Dungeon.
             The game lasted 00:33:31 (4223 turns).

Pooter the Gusty (Draconian Air Elementalist)       Turns: 4223, Time: 00:33:32

Health: -5/45      AC:  6    Str: 11    XL:     6   Next: 8%
Magic:  1/10       EV: 12    Int: 17    God:
Gold:   114        SH:  0    Dex: 11    Spells: 1/11 levels left

rFire    x . .     SeeInvis .   n - +0 war axe
rCold    + . .     Faith    .   (no shield)
rNeg     . . .     Spirit   .   (armour unavailable)
rPois    .         Reflect  .   (helmet restricted)
rElec    .         Harm     .   (no cloak)
rCorr    .         Rampage  .   (no gloves)
Will     .....                  (no boots)
Stlth    ++........             (no amulet)
HPRegen  0.15/turn              j - ring of ice
MPRegen  0.12/turn              (no ring)

@: no status effects
A: unfitting armour, cold-blooded, AC +6
a: no special abilities


You were on level 4 of the Dungeon.
You visited 1 branch of the dungeon, and saw 4 of its levels.

You collected 114 gold pieces.

Inventory:

Hand Weapons
 a - a +0 short sword
   (You took it off a kobold on level 1 of the Dungeon)
 n - a +0 war axe (weapon)
   (You found it on level 4 of the Dungeon)
 u - a +0 hunting sling
   (You found it on level 4 of the Dungeon)
Missiles
 c - 3 javelins
 g - 7 poisoned darts (quivered)
 h - 46 sling bullets
 l - 3 datura-tipped darts
 Q - 72 stones
Jewellery
 j - a ring of ice (left hand)
   (You found it on level 2 of the Dungeon)
Scrolls
 d - 2 scrolls of magic mapping
 f - a scroll of fog {unknown}
 o - a scroll of enchant weapon {unknown}
 q - a scroll of blinking
 r - 2 scrolls of remove curse {@r2}
Potions
 b - 6 potions of curing {@q1}
 e - a potion of lignification {unknown}
 k - a potion of magic {unknown}
 m - a potion of berserk rage {unknown}
 p - a potion of might {unknown}
 s - a potion of degeneration {unknown}
 t - a potion of flight {unknown}


   Skills:
 - Level 2.3 Dodging
 - Level 1.9 Stealth
 + Level 3.2 Spellcasting
 + Level 3.2 Conjurations
 * Level 4.9 Air Magic


You had one spell level left.
You knew the following spells:

 Your Spells              Type           Power        Failure   Level
a - Shock                 Conj/Air       64%          3%          1
b - Airstrike             Air            9%           22%         4
c - Static Discharge      Conj/Air       16%          10%         3
s - Swiftness             Air            19%          3%          2

Your spell library contained the following spells:

 Spells                   Type           Power        Failure   Level
 Lightning Bolt           Conj/Air       8%           65%         5


Dungeon Overview and Level Annotations

Branches:
Dungeon (4/15)
 Temple: D:4-7

Altars:
Uskayaw

Annotations:
D:4 Dowan, Duvessa


Innate Abilities, Weirdness & Mutations

Your plain brown scales are hard. (AC +6)
You cannot fit into any form of body armour.
You are cold-blooded and may be slowed by cold attacks.


Message History

Found a stone staircase leading down.
There is an escape hatch in the ceiling here.
i - a scroll of identify {@r1};
m - a silvery potion Duvessa, Sister of Dowan comes into view.
She is wielding a +2 rapier of distortion.
As you read the scroll of identify {@r1}, it crumbles to dust.
b - 6 potions of curing The spell is quite dangerous to cast (22% risk of failure)!
Continue anyway?
Aim: Duvessa, wielding a +2 rapier of distortion and wearing a +0 leather armour (asleep)
The air twists around and strikes Duvessa!
Duvessa shouts!
Dowan, Brother of Duvessa comes into view.
He is wielding a +0 dagger of freezing.
There is an escape hatch in the ceiling here.
The spell is quite dangerous to cast (22% risk of failure)!
Continue anyway?
Aim: Duvessa, wielding a +2 rapier of distortion and wearing a +0 leather armour (moderately wounded)
The air twists around and strikes Duvessa!
* * * LOW MAGIC WARNING * * *
You don't have enough magic to cast that spell.
Aim: Duvessa, wielding a +2 rapier of distortion and wearing a +0 leather armour (severely wounded, 25% to evade)
The zap hits Duvessa.
* * * LOW MAGIC WARNING * * *
Aim: Duvessa, wielding a +2 rapier of distortion and wearing a +0 leather armour (severely wounded, 25% to evade)
The zap hits Duvessa!
* * * LOW MAGIC WARNING * * *
Duvessa completely misses you.
Aim: Duvessa, wielding a +2 rapier of distortion and wearing a +0 leather armour (almost dead, 25% to evade)
The zap hits Duvessa.
* * * LOW MAGIC WARNING * * *
Duvessa hits you with a +2 rapier of distortion.
Space bends around you.
n - a +0 war axe (weapon)
Duvessa hits you with a +2 rapier of distortion!
You closely miss Duvessa.
Duvessa hits you with a +2 rapier of distortion!
* * * LOW HITPOINT WARNING * * *
You blink.
Throw: 5 darts (datura)
Aim: Duvessa, wielding a +2 rapier of distortion and wearing a +0 leather armour (almost dead, chance to frenzy on hit: 61%)
You throw a datura-tipped dart. The datura-tipped dart hits Duvessa.
Duvessa resists.
Dowan shouts!
Dowan mumbles some strange words.
Dowan blinks!
Throw: 4 darts (datura)
Aim: Duvessa, wielding a +2 rapier of distortion and wearing a +0 leather armour (translocational energy, almost dead, chance to frenzy on hit: 61%)
You throw a datura-tipped dart. The datura-tipped dart hits Duvessa.
Duvessa flies into a frenzy!
Duvessa hits you with a +2 rapier of distortion!
* * * LOW HITPOINT WARNING * * *
Space warps horribly around you!
You die...

. #.# .. #.# #.#
.##.###.# ....>#.#
#.#.#.#######
#######...#.(......
.........@.........
#####.e..........
#ยง#...!.....e
#(#..........
#.......(.... ##
#...##.......
.#############.e.#
.......
....)............#
.......
........######...#
.......


You could see Dowan and the neutral Duvessa (fast, strong, insane).

Vanquished Creatures
  Blork the orc (D:4)
  An orc priest (D:4)
  2 orc wizards (D:4)
  5 adders
  2 oozes
  3 worms
  2 dart slugs
  5 leopard geckos
  An orc (D:4)
  2 giant cockroaches
  8 goblins
  4 hobgoblins
  3 jackals (D:1)
  2 quokkas
  A ball python (D:4)
  6 bats
  2 frilled lizards
  7 kobolds
  A quokka skeleton (D:4)
  7 rats
65 creatures vanquished.

Notes
Turn   | Place    | Note
-------+----------+-------------------------------------------
     0 | D:1      | Pooter the Draconian Air Elementalist began the quest for
                  | the Orb.
     0 | D:1      | Reached XP level 1. HP: 14/14 MP: 3/3
   174 | D:1      | Reached XP level 2. HP: 20/20 MP: 0/5
   229 | D:1      | Learned a level 2 spell: Swiftness
   608 | D:1      | Reached XP level 3. HP: 26/26 MP: 4/6
  2115 | D:3      | Reached XP level 4. HP: 33/33 MP: 4/7
  2147 | D:3      | Learned a level 4 spell: Airstrike
  2813 | D:3      | Found a hide-covered altar of Uskayaw.
  3253 | D:4      | Reached skill level 4 in Air Magic
  3310 | D:4      | Noticed Blork the orc
  3317 | D:4      | Killed Blork the orc
  3318 | D:4      | Reached XP level 5. HP: 16/38 MP: 1/9
  3518 | D:4      | Learned a level 3 spell: Static Discharge
  3961 | D:4      | Reached XP level 6. HP: 14/45 MP: 1/10
  4199 | D:4      | Noticed Duvessa
  4207 | D:4      | Noticed Dowan
  4223 | D:4      | Slain by Duvessa

Illustrated notes

Levels and vault maps discovered:
D:1:      scummos_arrival_simple_crosswalls, layout_loops_cross
D:2:      layout_loops_cross
D:3:      layout_basic, eat_drink_and_be_merry_uskayaw
D:4:      layout_basic, minmay_misc_feat_encased, uniq_duvessa,
          uniq_blork_the_orc

Skill      XL: |  1  2  3  4  5 |
---------------+----------------+-----
Dodging        | 2 |  2.3
Conjurations   | 2 3 |  3.2
Air Magic      | 4 |  4.9
Spellcasting   | 3 |  3.2
Stealth        | |  1.9

Action                   |  1- 3 |  4- 6 || total
-------------------------+-------+-------++-------
Melee: Short sword       |    43 |    29 ||    72
       Tailslap          |     1 |     3 ||     4
       War axe           |       |    13 ||    13
 Fire: Hunting sling     |       |     1 ||     1
Throw: Dart              |    35 |    28 ||    63
       Stone             |     3 |       ||     3
       Javelin           |       |     3 ||     3
 Cast: Shock             |    59 |    25 ||    84
       Airstrike         |       |     5 ||     5
       Static Discharge  |       |     3 ||     3
  Use: Scroll            |       |     5 ||     5
Armor: Skin              |    14 |    15 ||    29
Dodge: Dodged            |    40 |    40 ||    80

Table legend: (Time is in decaauts)
 A = Elapsed time spent in this place.
 B = Non-inter-level travel time spent in this place.
 C = Inter-level travel time spent in this place.
 D = Time resting spent in this place.
 E = Time spent auto-exploring this place.
 F = Levels seen in this place.
 G = Mean time per level.
                   A        B        C        D        E       F      G
               +--------+--------+--------+--------+--------+-----+--------+
         Total |   4237 |   4174 |     63 |   1721 |   1557 |   4 | 1059.2 |
       Dungeon |   4237 |   4174 |     63 |   1721 |   1557 |   4 | 1059.2 |
               +--------+--------+--------+--------+--------+-----+--------+

Top non-repeatable levels by time:
     D:3: 1531 daAuts
     D:1: 1169 daAuts
     D:2: 853 daAuts
     D:4: 683 daAuts
